 Dungeon Crawl Stone Soup version 0.18.1-8-gdd0e5ea (webtiles) character file.

56 mistymad the Covered (level 3, 0/23 HPs)
             Began as a Gargoyle Fighter on May 24, 2016.
             Slain by a hobgoblin
             ... wielding a +0 club
             ... led by Robin
              (2 damage)
             ... on level 2 of the Dungeon.
             The game lasted 00:03:15 (1056 turns).

mistymad the Covered (Gargoyle Fighter)             Turns: 1056, Time: 00:03:16

Health: 0/23       AC: 10    Str: 20    XL:     3   Next: 95%
Magic:  3/3        EV:  7    Int:  8    God:
Gold:   66         SH:  9    Dex:  9    Spells: 0 memorised, 2 levels left

rFire  . . .     SeeInvis .     a - +0 flail
rCold  . . .     Gourm    .     b - +0 scale mail
rNeg   + . .     Faith    .     c - +0 shield
rPois  ∞         Spirit   .     (no helmet)
rElec  +         Dismiss  .     (no cloak)
rCorr  .         Reflect  .     (no gloves)
SustAt .         Harm     .     (no boots)
MR     .....                    (no amulet)
Stlth  ..........               (no ring)
                                (no ring)

@: not resistant to hostile enchantments, extremely unstealthy
A: negative energy resistance 1, electricity resistance, unbreathing,
petrification resistance, rot immunity, AC +3
a: no special abilities


You were on level 2 of the Dungeon.
You were not hungry.

You visited 1 branch of the dungeon, and saw 2 of its levels.

You collected 66 gold pieces.

Inventory:

Hand Weapons
 a - a +0 flail (weapon)
Armour
 b - a +0 scale mail (worn)
 c - a +0 shield (worn)
Scrolls
 e - 2 scrolls of identify {unknown}
 g - a scroll of random uselessness {unknown}
 h - a scroll of teleportation {unknown}
Potions
 d - 3 potions of might
Comestibles
 f - a bread ration {@e1}


   Skills:
 + Level 3.6 Fighting
 + Level 2.4 Maces & Flails
 + Level 4.0 Armour
 + Level 1.0 Dodging
 + Level 3.5 Shields


You had 2 spell levels left.
You didn't know any spells.

Dungeon Overview and Level Annotations

Branches:
Dungeon (2/15)

Altars:

Annotations:
D:2 Robin


Innate Abilities, Weirdness & Mutations

You are resistant to torment.
Your stone body is resilient (AC +3).
You are immune to poison.
You resist negative energy.
You are resistant to electric shocks.
You can survive without breathing.
You are immune to petrification.
You are immune to rotting.


Message History

You block the hobgoblin's attack. The kobold barely misses you.
You block the goblin's attack. The hobgoblin hits you with a club.
* * * LOW HITPOINT WARNING * * *
The goblin closely misses you. The kobold closely misses you.
You block the hobgoblin's attack. The goblin hits you but does no damage.
You take 2 damage, and have 8/23 hp.
You hit the hobgoblin but do no damage.
The hobgoblin is severely wounded.
The hobgoblin no longer looks unusually strong.
You block the hobgoblin's attack. The goblin hits you with a club.
* * * LOW HITPOINT WARNING * * *
The kobold hits you with a whip.
* * * LOW HITPOINT WARNING * * *
The hobgoblin hits you.
* * * LOW HITPOINT WARNING * * *
You block the goblin's attack.
You hit the hobgoblin.
You kill the hobgoblin!
The hobgoblin hits you with a club.
You die...

##.#####..#.# #.#
#......((.#.# #.#
#.<######.#.# #.#
######.(###.#....# #.#
#....()......#.#.#####.#####.#
#.####>...........#..........#
#.#.##..#.#.......#######
#.#.# #)gg....#### #.#.#
##@###### #.#.##..g†Kg#
#.#.#####g#g# .# #g...# #.#
#.# ... #.# ..# ..# #.. #.


You could see Robin, 4 hobgoblins, 2 goblins and a kobold.

Vanquished Creatures
  3 oozes (D:1)
  A giant gecko (D:1)
  A ball python (D:1)
  2 bats (D:1)
  4 giant cockroaches (D:1)
  9 goblins
  3 hobgoblins
  2 jackals (D:1)
  4 kobolds
  3 giant newts
  6 rats (D:1)
38 creatures vanquished.

Notes
Turn   | Place    | Note
--------------------------------------------------------------
     0 | D:1      | mistymad the Gargoyle Fighter began the quest for the Orb.
     0 | D:1      | Reached XP level 1. HP: 14/14 MP: 1/1
    93 | D:1      | Reached XP level 2. HP: 15/19 MP: 2/2
   460 | D:1      | Reached XP level 3. HP: 22/23 MP: 3/3
   871 | D:1      | Reached skill level 4 in Armour
   954 | D:2      | Reached skill level 1 in Dodging
  1037 | D:2      | Noticed Robin
  1055 | D:2      | HP: 1/23 [hobgoblin[Robin] (5)]
  1056 | D:2      | Slain by a hobgoblin

Skill      XL: |  1  2  3 |
---------------+----------+-----
Armour         | 4 |  4.0
Dodging        | 1 |  1.0
Fighting       | |  3.6
Maces & Flails | |  2.4
Shields        | |  3.5

Action                   || total
-------------------------++-------
Melee: Flail             ||   157
  Eat: Chunk             ||     1
Armor: Scale mail        ||   114
Dodge: Dodged            ||    71
Block: Shield            ||   108
